[Event "Early-Titled-Tuesday-Blitz-October-24-2023"]
[Site "Chess.com"]
[Date "2023.10.24"]
[Round "7"]
[White "Mistango"]
[Black "itsdsyr"]
[Result "1-0"]
[WhiteElo "2485"]
[BlackElo "2284"]
[TimeControl "180+1"]
[EndTime "9:15:35 PDT"]
[Termination "Mistango won by checkmate"]

1. e4 e5 2. Nf3 Nc6 3. d4 exd4 4.
Nxd4 Bc5 5. Nxc6 Qf6 6. Qf3 dxc6 7. Be3 Qxb2 8. Bxc5 Qxa1 9. Qd1 Be6 10. Bd4 Qxa2 11. Bxg7 Rd8 12. Bd3 c5 13. O-O c4 14. Bxh8 cxd3 15.
cxd3 Ne7 16. Bf6 Qb3 17. Qh5 Rxd3 18. h3 Ng6 19. Kh2 a5 20. Qxh7 Rd1 21. Qg8+ Nf8 22.
Rxd1 Qxd1 23. Nc3 Qd6+ 24. e5 Qb4 25. Ne2 a4 26. Qg3 a3 27. Nc3 a2 28. Nxa2 Bxa2 29. Qd3 Ne6 30. h4 Qc4 31. Qd2 Qg4 32. Qxa2 Qf4+ 33. Kg1 Qc1+ 34. Kh2 Qf4+ 35. g3 Qf3 36. Qd2 c5 37. Kg1 c4 38. Qd6 Qd1+ 39. Qxd1 c3 40.
Qd6 c2 41. Qe7# 1-0

[Event "Early-Titled-Tuesday-Blitz-October-24-2023"]
[Site "Chess.com"]
[Date "2023.10.24"]
[Round "7"]
[White "Malev212"]
[Black "AndrewB92"]
[Result "1-0"]
[WhiteElo "2633"]
[BlackElo "2472"]
[TimeControl "180+1"]
[EndTime "9:15:37 PDT"]
[Termination "Malev212 won on time"]

1. e4 c5 2. Nf3 Nc6 3. Bb5 g6 4. O-O Bg7 5. Re1 Qb6 6. Nc3 Bxc3 7. Bxc6 Bg7 8. Ba4 Nf6 9. c4 O-O 10. e5 Ne8 11. d4 cxd4 12. Qxd4 Qxd4 13. Nxd4 d6 14.
Bf4 dxe5 15. Bxe5 Nf6 16. Rad1 a6 17. h3 b5 18. cxb5 axb5 19. Bb3 Bd7 20. a3 Rfc8 21.
Rc1 Be8 22. g4 Rxc1 23. Rxc1 e6 24. f4 Nd7 25. Bxg7 Kxg7 26. Kf2 Rb8 27. Rc7 Kf8 28. Ke3 Nb6 29. f5 gxf5 30. gxf5 e5 31. Nc6 Bxc6 32.
Rxc6 Nc4+ 33. Bxc4 bxc4 34. Rxc4 Rxb2 35. a4 f6 36. Ke4 Rd2 37. a5 h5 38. Ra4 Rd7 39. a6 Ra7 40. Kd5 Kg7 41. Kc6 Kh6 42. h4 e4 43. Kb6 Ra8 44. Kb7 Re8 45. a7 1-0

[Event "Early-Titled-Tuesday-Blitz-October-24-2023"]
[Site "Chess.com"]
[Date "2023.10.24"]
[Round "7"]
[White "Ducke13"]
[Black "UmarovSabir"]
[Result "0-1"]
[WhiteElo "2443"]
[BlackElo "2336"]
[TimeControl "180+1"]
[EndTime "9:15:37 PDT"]
[Termination "UmarovSabir won by checkmate"]

1. d4 c6 2. c4 d6 3. g3 g6 4. Bg2 Bg7 5. a4 a5 6. Nc3 Na6 7. e4 Nb4 8. Nge2 h5 9. h3 h4 10.
g4 f5 11. exf5 gxf5 12. g5 e5 13. O-O Be6 14. d5 cxd5 15. cxd5 Bd7 16. Ra3 Ne7 17. Kh1 Rc8 18. Ng1 Ng6 19. Re1 Kf7 20. Na2 Nc2 21. Rb3 Nxe1 22. Qxe1 b6 23. Nc3 e4 24. Be3 Rb8 25. f3 f4 26. Nxe4 fxe3 27. Nxd6+ Kg8 28. Rxe3 Qxg5 29. f4 Nxf4 30. Qf2 Qxg2+ 31. Qxg2 Nxg2 32.
Kxg2 Rh6 33. Nc4 Rg6+ 34. Kf1 Rxg1+ 35. Kxg1 Bd4 36. Kg2 Bxe3 37. Nxe3 Bxa4 38. Nf5 Bd7 39.
Ne7+ Kf7 40. d6 Ke6 41. Ng6 Rg8 42. b4 Rxg6+ 43. Kf3 axb4 44. Kf4 b3 45. Ke3 b2 46. Kd4 b1=Q 47. Kc4 Rg3 48. Kd4 Qb4# 0-1

[Event "Early-Titled-Tuesday-Blitz-October-24-2023"]
[Site "Chess.com"]
[Date "2023.10.24"]
[Round "7"]
[White "Nekoo04"]
[Black "Mystery2007"]
[Result "1-0"]
[WhiteElo "2298"]
[BlackElo "2439"]
[TimeControl "180+1"]
[EndTime "9:15:37 PDT"]
[Termination "Nekoo04 won on time"]

1. d4 a6 2. c4 c5 3. d5 d6 4. Nc3 g6 5. e4 Bg7 6. Nf3 Nf6 7.
Be2 e6 8. Bg5 h6 9. Bh4 g5 10. Bg3 e5 11. h4 Nh5 12. hxg5 Nxg3 13. fxg3 hxg5 14. Rxh8+ Bxh8 15. Qd2 Bf6 16. O-O-O g4 17.
Rh1 gxf3 18. gxf3 Kd7 19. Rh7 Qg8 20. Rh3 Ke7 21. Rh1 Qxg3 22. Kc2 Bg5 23. Qd1 Qf4 24.
Qg1 b5 25. Rh5 Qd2+ 26. Kb3 Bf6 27. Qg8 bxc4+ 28. Bxc4 Nd7 29. Rh7 Rb8+ 30. Bb5 Bg7 31.
Rxg7 Qf4 32. Rg4 Qf6 33. Rg5 axb5 34. Rf5 Qg6 35. Qh8 c4+ 36. Kb4 Nc5 37. Qh4+ Ke8 38. Rg5 Qf6 39. Rg8+ Ke7 40. Re8+ Kxe8 41. Qxf6 Nd3+ 42.
Ka5 b4 43. Nb5 Ra8+ 44. Kb6 Rb8+ 45. Kc7 Rb7+ 46. Kxc8 1-0

[Event "Early-Titled-Tuesday-Blitz-October-24-2023"]
[Site "Chess.com"]
[Date "2023.10.24"]
[Round "7"]
[White "PenguiinQueen"]
[Black "Kotofeyca"]
[Result "1-0"]
[WhiteElo "2269"]
[BlackElo "2392"]
[TimeControl "180+1"]
[EndTime "9:15:37 PDT"]
[Termination "PenguiinQueen won by checkmate"]

1. e4 c5 2. Nf3 d6 3. d4 cxd4 4. Nxd4 Nf6 5. Nc3 a6 6. Bg5 e6 7. f4 Qb6 8. Qd3 Nc6 9. O-O-O Bd7 10. Be2 Nxd4 11. Qxd4 Qxd4 12. Rxd4 Bc6 13. Bxf6 gxf6 14.
Bh5 Bh6 15. g3 e5 16. Rxd6 Ke7 17. Rd3 exf4 18. Kb1 Rad8 19. gxf4 Bxf4 20. Nd5+ Bxd5 21. exd5 Rhg8 22. a4 Rg5 23. Bf3 a5 24. Rb3 Rd7 25. Rb5 Re5 26. h4 Re3 27. Rf1 Kd6 28. Rxa5 Rc7 29.
Rb5 Bg3 30. h5 Be5 31. a5 Rc5 32. Rb6+ Kc7 33. d6+ Bxd6 34. Rxb7+ Kc8 35. Rxf7 Be5 36. Bg4+ Kb8 37. a6 Rb5 38. Rb7+ Ka8 39. Rxb5 Ka7 40.
Rb7+ Kxa6 41. Rxh7 Re4 42. Bf5 Rb4 43. Bd3+ Kb6 44.
b3 Kc6 45. Kc1 Bc3 46. Kd1 Rh4 47. Ke2 Kd5 48. Rf5+ Kd4 49. Rd7# 1-0

[Event "Early-Titled-Tuesday-Blitz-October-24-2023"]
[Site "Chess.com"]
[Date "2023.10.24"]
[Round "7"]
[White "vladgoncharov"]
[Black "Tssunami"]
[Result "1-0"]
[WhiteElo "2583"]
[BlackElo "2419"]
[TimeControl "180+1"]
[EndTime "9:15:39 PDT"]
[Termination "vladgoncharov won by resignation"]

1. d4 Nf6 2. c4 e6 3. Nc3 Bb4 4. e3 O-O 5. Bd3 d5 6. Ne2 dxc4 7.
Bxc4 c5 8. O-O cxd4 9. exd4 b6 10. Bg5 Be7 11. d5 exd5 12. Nxd5 Bb7 13. Nxe7+ Qxe7 14. Ng3 Rd8 15. Qb3 Nbd7 16. Rfe1 Qf8 17. Rad1 h6 18. Bf4 Nc5 19. Qa3 Nce4 20. Nf5 Qxa3 21. bxa3 Nc3 22. Rxd8+ Rxd8 23. Bc7 Rd1 24. Rxd1 Nxd1 25.
Bb8 a6 26. Nd6 Bc6 27. Bxf7+ Kf8 28. Bb3 Nc3 29. Ba7 Nfd5 30. Nc8 Ne2+ 31. Kf1 Nd4 32.
Bxb6 Nxb3 33. axb3 Bb7 34. Nd6 Bc6 35. Bd4 g6 36. f3 Ke7 37. Ne4 Nf4 38. Kf2 Bd5 39.
b4 Bc4 40. g3 Nd5 41. h4 h5 42. g4 Ke6 43. gxh5 gxh5 44. Ng3 Nf4 45. Be3 Ng6 46. Bg5 Kd5 47. Nxh5 Bd3 48. Ke3 Kc4 49. Nf4 Nxf4 50.
Kxf4 Kb3 51. Be7 Bb5 52. Kg5 Kxa3 53. f4 Bd3 54. f5 Ka4 55. h5 1-0

[Event "Early-Titled-Tuesday-Blitz-October-24-2023"]
[Site "Chess.com"]
[Date "2023.10.24"]
[Round "7"]
[White "Resignify"]
[Black "ural58"]
[Result "1-0"]
[WhiteElo "2313"]
[BlackElo "2514"]
[TimeControl "180+1"]
[EndTime "9:15:40 PDT"]
[Termination "Resignify won by resignation"]

1. e4 d5 2. exd5 Qxd5 3. Nc3 Qd6 4. d4 c6 5. g3 Nf6 6. Bf4 Qb4 7. a3 Qa5 8. Bg2 Bg4 9. Ne2 e6 10. O-O Nbd7 11. b4 Qh5 12. f3 Bh3 13. g4 Qh4 14.
Bg3 Qh6 15. g5 Qxg5 16. Bxh3 h5 17. f4 Qh6 18. Bh4 Ng4 19. Qd3 f5 20. Bg5 Qg6 21. Rae1 Be7 22. Bg2 Bxg5 23. fxg5 Qxg5 24. Nf4 Rh6 25.
Nxe6 Qh4 26. h3 Kf7 27. Qxf5+ Ndf6 28. Ng5+ Kg8 29. Qf4 Rf8 30. Nf3 Qxe1 31. Rxe1 Nd5 32. Nxd5 Rxf4 33. Nxf4 Nf6 34. Ne5 g5 35. Ne6 g4 36.
hxg4 hxg4 37. Nf4 a5 38. Kf2 axb4 39. axb4 Rh7 40. Kg3 Rg7 41. Rh1 Ne8 42. Rh4 Nf6 43. Nxg4 Kf7 44. Bf3 b6 45. Kf2 c5 46. Nxf6 Kxf6 47.
bxc5 bxc5 48. dxc5 Rg5 49. Nd5+ Ke5 50. c3 Rg8 51.
Rh5+ Ke6 52. Ke3 Rc8 53. Kd4 Kf7 54. Be4 Ra8 55. Rh7+ Kg8 56. Rb7 Ra1 57. Ke5 Kf8 58. Kd6 Rc1 59. c6 Re1 60. Rb8+ Kf7 61. c7 1-0

[Event "Early-Titled-Tuesday-Blitz-October-24-2023"]
[Site "Chess.com"]
[Date "2023.10.24"]
[Round "7"]
[White "DonCiao"]
[Black "carloseduar100"]
[Result "1-0"]
[WhiteElo "2140"]
[BlackElo "2297"]
[TimeControl "180+1"]
[EndTime "9:15:42 PDT"]
[Termination "DonCiao won by checkmate"]

1. c4 Nf6 2. g3 g6 3. Bg2 Bg7 4.
Nc3 O-O 5. e4 d6 6. Nge2 Nbd7 7.
O-O c5 8. d3 e5 9. h3 Re8 10. Be3 Nf8 11. Qd2 Be6 12. Bh6 Qd7 13. Bxg7 Kxg7 14. Kh2 h5 15. f4 exf4 16. gxf4 N8h7 17.
Nd5 Bxd5 18. cxd5 b5 19. Rae1 a5 20. Ng1 c4 21. d4 b4 22. e5 Ng8 23. e6 Qc7 24. f5 Ngf6 25. fxg6 fxg6 26. Nf3 c3 27.
bxc3 bxc3 28. Qc2 Rab8 29. Rc1 Rec8 30. Nh4 g5 31. Qg6+ Kh8 32. Rxf6 Nxf6 33. Qxf6+ Qg7 34. Ng6+ Kh7 35. Qxg7+ Kxg7 36. Ne7 Rc4 37. Nf5+ Kf6 38. Nxd6 c2 39. Nxc4 Rb4 40. Ne3 Rxd4 41. Rxc2 a4 42. Re2 a3 43. Nc2 Rc4 44. e7 g4 45. hxg4 hxg4 46.
e8=Q g3+ 47. Kg1 Kf5 48. Qe5+ Kg6 49. Qxg3+ Kf6 50. Qf3+ Kg5 51. Re5+ Kh6 52. Qe3+ Kg6 53. Qd3+ Kf6 54. Qf5+ Kg7 55. Re7+ Kh6 56. Rh7# 1-0

[Event "Early-Titled-Tuesday-Blitz-October-24-2023"]
[Site "Chess.com"]
[Date "2023.10.24"]
[Round "7"]
[White "parintele_chess"]
[Black "dianamirza"]
[Result "1/2-1/2"]
[WhiteElo "2254"]
[BlackElo "2019"]
[TimeControl "180+1"]
[EndTime "9:15:42 PDT"]
[Termination "Game drawn - insufficient material"]

1. d4 d5 2. Bf4 Bf5 3. e3 e6 4. c4 c6 5. Qb3 Qb6 6. c5 Qxb3 7. axb3 a6 8. Nc3 Nf6 9. b4 h6 10. Nf3 g5 11. Be5 Be7 12. b5 O-O 13. Be2 Nbd7 14. bxc6 bxc6 15. Rxa6 Rxa6 16. Bxa6 Ra8 17. Bf1 Ra1+ 18.
Kd2 g4 19. Nh4 Ne4+ 20. Nxe4 Bxh4 21. Bg3 Be7 22. Nc3 Nf6 23. f3 h5 24. h3 gxf3 25. gxf3 Nd7 26. Bg2 Rxh1 27. Bxh1 h4 28. Bf4 Bxh3 29.
e4 Bf1 30. b4 Bb5 31. Nxb5 cxb5 32. exd5 exd5 33. Bg2 Nf6 34. Bh3 Nh5 35. Be5 Ng3 36. Bxg3 hxg3 37. f4 Kg7 38. Ke3 Kf6 39. Kf3 Bd8 40.
Kxg3 Kg6 41. Kf3 f5 42. Bg2 Bf6 43. Bf1 Bxd4 44. Bxb5 Bc3 45. Bc6 Bxb4 46. Bxd5 Bxc5 47.
Bc6 Bd6 48. Bb7 Bxf4 49. Ba8 Kf6 50. Bb7 Ke5 51. Bc8 Bc1 52. Bxf5 1/2-1/2

[Event "Early-Titled-Tuesday-Blitz-October-24-2023"]
[Site "Chess.com"]
[Date "2023.10.24"]
[Round "7"]
[White "Vesper2018"]
[Black "mind1mover"]
[Result "0-1"]
[WhiteElo "2588"]
[BlackElo "2805"]
[TimeControl "180+1"]
[EndTime "9:15:44 PDT"]
[Termination "mind1mover won by checkmate"]

1. e4 Nc6 2. d4 d6 3. f4 Nf6 4. Nc3 Bg4 5. Be2 Bxe2 6. Ngxe2 e6 7. O-O a6 8. d5 exd5 9. exd5 Ne7 10. f5 Nc8 11.
Nf4 Be7 12. g4 h6 13. Qf3 Nb6 14. Nd3 Qd7 15. a4 c6 16. Nf4 Nc4 17. Nd3 Nb6 18. Nf4 Nc4 19. Nd3 O-O 20. Bf4 Nb6 21. dxc6 bxc6 22. Rad1 Nfd5 23. Nxd5 Nxd5 24. Bg3 Bf6 25. c4 Nb6 26. c5 dxc5 27. Ne5 Qc8 28. Nxc6 Re8 29.
b3 c4 30. a5 Nd7 31. bxc4 Nc5 32. Rfe1 Qb7 33. Kg2 Qb2+ 34. Kh3 Kh7 35. Bf4 Qc2 36.
Ne5 Bxe5 37. Bxe5 f6 38. Bg3 Rac8 39. Rxe8 Rxe8 40. Qc6 Re2 41. Rd8 Ne4 42. Qc7 Ng5+ 43. Kh4 Nf3+ 44. Kh3 Ng1+ 45. Kh4 Nf3+ 46. Kh3 Ng1+ 47.
Kh4 Rxh2+ 48. Bxh2 Qf2+ 49. Bg3 Nf3+ 50. Kh3 Qf1# 0-1

[Event "Early-Titled-Tuesday-Blitz-October-24-2023"]
[Site "Chess.com"]
[Date "2023.10.24"]
[Round "7"]
[White "Zurability"]
[Black "Fh2411"]
[Result "0-1"]
[WhiteElo "2761"]
[BlackElo "2527"]
[TimeControl "180+1"]
[EndTime "9:15:45 PDT"]
[Termination "Fh2411 won on time"]

1. d4 Nf6 2. Bf4 c5 3. e3 cxd4 4. exd4 Qb6 5. Nc3 d6 6. Qd2 Bf5 7. Bd3 Bxd3 8. Qxd3 Nc6 9. Nge2 g6 10. Qb5 Qxb5 11.
Nxb5 Kd7 12. c4 Nb4 13. O-O Nd3 14. b3 Nxf4 15. Nxf4 Bh6 16. Nd3 Bg7 17. Rad1 Rhc8 18.
a4 g5 19. Rfe1 h5 20. d5 Ne8 21. Re3 Bf6 22. Nb4 Ng7 23. h3 Rg8 24. Rf3 g4 25. hxg4 hxg4 26. Rf4 Nh5 27. Re4 Be5 28. Nd3 f6 29. c5 a6 30. Nd4 Bxd4 31. Rxd4 f5 32.
Re1 Rac8 33. b4 g3 34. fxg3 Nxg3 35. Nf4 Rg4 36. Ne6 Rxd4 37. Nxd4 dxc5 38. bxc5 Rxc5 39. Kf2 Rxd5 40. Nf3 Ne4+ 41. Ke3 Ra5 42. Rb1 b5 43. axb5 axb5 44. Rd1+ Ke6 45. Nd4+ Kf6 46. Rf1 e6 47. Nc6 Ra3+ 48. Kd4 Rc3 49. Na7 Rc4+ 0-1

[Event "Early-Titled-Tuesday-Blitz-October-24-2023"]
[Site "Chess.com"]
[Date "2023.10.24"]
[Round "7"]
[White "KorolDimitriy75"]
[Black "motivated_bishop"]
[Result "1-0"]
[WhiteElo "2359"]
[BlackElo "2531"]
[TimeControl "180+1"]
[EndTime "9:15:46 PDT"]
[Termination "KorolDimitriy75 won by resignation"]

1. d4 Nf6 2. c4 e6 3. Nc3 Bb4 4. Qc2 O-O 5. e4 d5 6. cxd5 exd5 7. e5 Ne4 8. Bd3 c5 9. Ne2 Nc6 10. O-O cxd4 11. Nxd5 Qxd5 12. Bxe4 Qxe5 13. Bxh7+ Kh8 14. Bf4 Qc5 15. Rac1 Qxc2 16. Bxc2 Bg4 17. f3 Be6 18. a3 Bc5 19. Bd3 Bb6 20. Bd6 Rfd8 21. Bc5 Ne5 22.
Rfd1 Bb3 23. Rd2 Ba5 24. Bb4 Bxb4 25. axb4 a5 26. bxa5 Rxa5 27. Be4 d3 28. Nf4 Bc4 29. Rc3 g5 30. Nh3 g4 31. Nf4 gxf3 32. gxf3 f5 33. Bxb7 Rg8+ 34. Kf2 Ra1 35. b3 Rgg1 36. bxc4 Raf1+ 37.
Ke3 Re1+ 38. Kd4 Nd7 39. Nxd3 Rd1 40. c5 Nf6 41. c6 Rxd2 42. c7 Rg8 43. c8=Q Rxc8 44.
Rxc8+ Kg7 45. Ke3 Rxh2 46. Rc7+ Kg6 47. Nf4+ Kg5 48. Rg7+ Kh4 49. Bc8 Nh5 50. Nxh5 Kxh5 51. Rh7+ Kg5 52. Rxh2 f4+ 53. Kf2 Kg6 54. Rg2+ Kf6 55.
Rg4 Ke5 56. Rg5+ Kf6 57. Rf5+ Kg6 58. Rxf4 Kg5 59. Kg3 Kh5 60. Rg4 Kh6 61. f4 1-0

[Event "Early-Titled-Tuesday-Blitz-October-24-2023"]
[Site "Chess.com"]
[Date "2023.10.24"]
[Round "7"]
[White "NovikovaGalina"]
[Black "twofoxniel"]
[Result "0-1"]
[WhiteElo "2433"]
[BlackElo "2592"]
[TimeControl "180+1"]
[EndTime "9:15:47 PDT"]
[Termination "twofoxniel won by checkmate"]

1. e4 e6 2. Nf3 d5 3. e5 c5 4. b4 cxb4 5. a3 bxa3 6. Nxa3 Nc6 7. c3 a6 8. d4 Bd7 9. Bd3 Na7 10. O-O Nh6 11.
Qe2 Nf5 12. Bd2 Be7 13. Nc2 Bb5 14. Ne3 Bxd3 15. Qxd3 Nxe3 16. fxe3 O-O 17. e4 dxe4 18.
Qxe4 Qd5 19. Qg4 Nc6 20. Bh6 g6 21. Bxf8 Rxf8 22. h4 h5 23. Qf4 Qc4 24. Rac1 a5 25. Nd2 Qd5 26. Ne4 Kg7 27. Nf6 Bxf6 28. Qxf6+ Kg8 29. Rf4 Qd8 30. g4 Qxf6 31. exf6 hxg4 32.
Rxg4 Kh7 33. h5 gxh5 34. Rg7+ Kh6 35. Rb1 Nd8 36. Ra1 Nc6 37. Kf2 b5 38. Ke3 b4 39.
c4 Rd8 40. Rxf7 Nxd4 41. Rxa5 Nf5+ 42. Kf4 Kg6 43. Rb7 Kxf6 44. Rxb4 Rd4+ 45. Kf3 h4 46.
Ra8 Rd3+ 47. Kg2 h3+ 48. Kh2 Nh6 49. Rf8+ Kg7 50. Re8 Ng4+ 51. Kg1 Rd1# 0-1

[Event "Early-Titled-Tuesday-Blitz-October-24-2023"]
[Site "Chess.com"]
[Date "2023.10.24"]
[Round "7"]
[White "Byniolus"]
[Black "Beca95"]
[Result "1-0"]
[WhiteElo "2808"]
[BlackElo "2916"]
[TimeControl "180+1"]
[EndTime "9:15:51 PDT"]
[Termination "Byniolus won by resignation"]

1. d4 Nf6 2. Nf3 d6 3. Bf4 h6 4. h3 Bf5 5. Nbd2 Nbd7 6. c3 c6 7. Qb3 Qc7 8. e3 Bh7 9. Be2 a5 10. a4 g5 11. Bh2 Rg8 12. Nc4 h5 13. Nfd2 Rb8 14. f3 h4 15. Na3 Nd5 16. Ndc4 Bh6 17. e4 Nf4 18. Bxf4 gxf4 19. Kf2 Rg3 20. Rhe1 Kf8 21.
Bf1 Kg8 22. Qd1 Kh8 23. e5 d5 24. e6 fxe6 25. Rxe6 Bg5 26. Ne5 Nf8 27. Nf7+ Kg7 28. Nxg5 Rxg5 29. Re1 e5 30. dxe5 Ne6 31. Qd2 Rd8 32.
Kg1 Kh8 33. Kh2 Rdg8 34. Nc2 Bxc2 35. Qxc2 Qg7 36. Qf2 Rg3 37. Rad1 Qg6 38. c4 d4 39.
c5 Qg7 40. Re4 Rd8 41. Rd2 Qh6 42. Bc4 Rdg8 43. Bxe6 Qxe6 44. Rdxd4 Qg6 45. Rd2 Qf5 46. e6 Rxg2+ 47. Qxg2 Rxg2+ 48. Rxg2 Qh5 49. e7 Qe8 50. Rg4 Kh7 51. Rxh4+ Kg7 52. Rg4+ Kh7 53. Rgxf4 Qg6 54. e8=Q 1-0

[Event "Early-Titled-Tuesday-Blitz-October-24-2023"]
[Site "Chess.com"]
[Date "2023.10.24"]
[Round "7"]
[White "pedro_gines"]
[Black "ProfessorChess101"]
[Result "1/2-1/2"]
[WhiteElo "2738"]
[BlackElo "2556"]
[TimeControl "180+1"]
[EndTime "9:15:51 PDT"]
[Termination "Game drawn by repetition"]

1. c4 c6 2. d4 d5 3. Nf3 Nf6 4. e3 e6 5. Be2 Nbd7 6. O-O Bd6 7. b3 e5 8. dxe5 Nxe5 9. Bb2 Qe7 10. cxd5 Nxd5 11.
Nc3 Nxc3 12. Bxc3 O-O 13. h3 Bf5 14. Nd4 Bg6 15. Qc1 Nd7 16. Qb2 Ba3 17. Qd2 Nf6 18. f3 Rad8 19. b4 Nd5 20. Kf2 Nxc3 21. Qxc3 Bxb4 22.
Qb3 Bc5 23. Rad1 Rfe8 24. Rfe1 h6 25. g3 Qf6 26. Qc3 Bb6 27. Bf1 Qe5 28. f4 Qf6 29.
Bg2 Be4 30. Bxe4 Rxe4 31. Kf3 Bxd4 32. exd4 Rxe1 33. Rxe1 Qxd4 34. Re8+ Kh7 35. Qxd4 Rxd4 36. Re7 Rd3+ 37. Kg4 f5+ 38. Kh4 b5 39. Rxa7 c5 40. Ra5 c4 41. Rxb5 Kg6 42. Rc5 Rc3 43. a4 Rc1 44. a5 c3 45. a6 Ra1 46. Rc6+ Kh7 47. Rxc3 Rxa6 48. Rc7 Ra4 49. Rc6 Ra3 50. Rc5 Kg6 51.
Rc6+ Kh7 52. Rc7 Rb3 53. Rc6 Ra3 1/2-1/2

[Event "Early-Titled-Tuesday-Blitz-October-24-2023"]
[Site "Chess.com"]
[Date "2023.10.24"]
[Round "7"]
[White "salomez"]
[Black "vaniavindy"]
[Result "1-0"]
[WhiteElo "2342"]
[BlackElo "2144"]
[TimeControl "180+1"]
[EndTime "9:15:52 PDT"]
[Termination "salomez won by resignation"]

1. e4 c6 2. d4 d5 3. exd5 cxd5 4. Nc3 Nf6 5. Bd3 Nc6 6. Nge2 Bg4 7. f3 Bh5 8. O-O e6 9. Bf4 Be7 10. Qd2 O-O 11.
Nd1 Rc8 12. c3 Bg6 13. Nf2 Na5 14. b3 a6 15. Bxg6 hxg6 16. Nd3 b5 17. Ne5 Nb7 18. a4 Nd6 19. axb5 axb5 20. Ra6 Nf5 21.
Rfa1 Nh5 22. Nc6 Qe8 23. Nxe7+ Nxe7 24. Be5 Nc6 25. Bd6 e5 26. Bxf8 Kxf8 27. dxe5 Qxe5 28. Nd4 Ne7 29. Re1 Qc7 30. Nxb5 Qc5+ 31. Nd4 Nf5 32.
b4 Qc4 33. Rea1 Nf6 34. Nxf5 gxf5 35. Ra8 Nd7 36. Rxc8+ Qxc8 37. Qxd5 Ke7 38. Ra7 Qd8 39. Rxd7+ Qxd7 40. Qxd7+ Kxd7 41. Kf2 Kc6 42. c4 Kd6 43.
Ke3 Ke5 44. b5 g5 45. c5 f4+ 46. Kd3 Kd5 47. b6 Kc6 48. Kc4 f5 49. Kb4 g4 50.
Kc4 1-0

[Event "Early-Titled-Tuesday-Blitz-October-24-2023"]
[Site "Chess.com"]
[Date "2023.10.24"]
[Round "7"]
[White "lefonghua"]
[Black "Nitzan_Steinberg"]
[Result "1-0"]
[WhiteElo "2700"]
[BlackElo "2871"]
[TimeControl "180+1"]
[EndTime "9:15:53 PDT"]
[Termination "lefonghua won by resignation"]

1. d4 Nf6 2. c4 g6 3. Nc3 Bg7 4.
e4 d6 5. f4 O-O 6. Nf3 c5 7. d5 e6 8. Be2 exd5 9. cxd5 Re8 10. Nd2 Na6 11. O-O c4 12. a4 Nb4 13. Bf3 Qb6+ 14.
Kh1 Nd3 15. Nxc4 Nf2+ 16. Rxf2 Qxf2 17. Nxd6 Rd8 18. e5 Ng4 19. Nxc8 Ne3 20. Ne7+ Kf8 21. Bxe3 Qxe3 22. d6 Qxf4 23. Bxb7 Bxe5 24. g3 Qb4 25.
Bxa8 Qxb2 26. Bg2 Qxc3 27. Rc1 Rxd6 28. Nd5 Qb2 29. Rb1 Qa2 30. Qb3 Qd2 31. Qf3 Kg7 32. Rf1 Rd7 33. Qe4 Qb2 34. a5 h5 35. a6 Rd6 36. Re1 Rxa6 37. Qxe5+ Qxe5 38. Rxe5 Ra1+ 39. Bf1 Rxf1+ 40. Kg2 Ra1 41. Re7 Ra2+ 42. Kg1 a5 43.
Ra7 g5 44. Nb6 Kf6 45. Nc4 a4 46. Ra5 h4 47. gxh4 gxh4 48. h3 Ke6 49. Re5+ Kf6 50. Ra5 Ke6 51. Nb6 a3 52. Nc4 Ra1+ 53. Kg2 a2 54.
Nd2 f5 55. Nf3 f4 56. Nxh4 Kd6 57. Nf3 Kc6 58. h4 Kb6 59. Ra8 Kc5 60. h5 Kc4 61. h6 Kd3 62. h7 1-0

[Event "Early-Titled-Tuesday-Blitz-October-24-2023"]
[Site "Chess.com"]
[Date "2023.10.24"]
[Round "7"]
[White "Hovik_Hayrapetyan"]
[Black "Suleyman_Chess06"]
[Result "1-0"]
[WhiteElo "2812"]
[BlackElo "2600"]
[TimeControl "180+1"]
[EndTime "9:15:54 PDT"]
[Termination "Hovik_Hayrapetyan won by checkmate"]

1. d4 d5 2. c4 dxc4 3. Nf3 Nf6 4. e3 e6 5. Bxc4 c5 6. O-O a6 7. b3 b5 8. Be2 Bb7 9. a4 b4 10. Nbd2 Nbd7 11. Nc4 Be7 12. Bb2 O-O 13. Nfe5 Nxe5 14. dxe5 Nd5 15. Qc2 Qc7 16. a5 Rfd8 17. f4 Bc6 18.
Bd3 g6 19. f5 exf5 20. Bxf5 Bg5 21. e6 f6 22. Be4 Nxe3 23. Nxe3 Bxe3+ 24. Kh1 Rd2 25.
Qc4 Rxb2 26. e7+ Kg7 27. Qe6 Bxe4 28. Qxf6+ Kh6 29. Qh4+ Kg7 30. Qf6+ Kh6 31. Qxb2 Qxe7 32. Rae1 Bd4 33. Qc1+ Kg7 34. Rf4 Bxg2+ 35. Kxg2 Qg5+ 36. Kh3 Qh5+ 37. Kg2 Qd5+ 38. Rf3 Rf8 39. Rf1 Qe4 40. Qd2 Rf5 41. h3 h5 42. Qe1 Qc2+ 43. Kh1 Be5 44.
Qf2 Qe4 45. Qg2 Rxf3 46. Rxf3 Qd4 47. Rf1 Qd7 48. Qf3 Bf6 49. Qxf6+ Kh6 50. Qf8+ Kg5 51.
Qf4# 1-0

[Event "Early-Titled-Tuesday-Blitz-October-24-2023"]
[Site "Chess.com"]
[Date "2023.10.24"]
[Round "7"]
[White "JoliyRoger"]
[Black "Kildepiotr"]
[Result "1/2-1/2"]
[WhiteElo "2479"]
[BlackElo "2659"]
[TimeControl "180+1"]
[EndTime "9:15:54 PDT"]
[Termination "Game drawn by repetition"]

1. Nf3 g6 2. d4 Bg7 3. c4 d6 4. h3 Nd7 5. e4 e5 6. d5 Ngf6 7. Nc3 O-O 8. Bg5 h6 9. Be3 Nc5 10. Nd2 Ne8 11. g4 f5 12. gxf5 gxf5 13. Rg1 f4 14. Bxc5 dxc5 15. Be2 Nd6 16. Bg4 Qh4 17. Qf3 Kh8 18. O-O-O Qe7 19. Bxc8 Raxc8 20. Rg6 Rf6 21. Rg4 Rf7 22. Rdg1 Rg8 23. b3 Rff8 24. Kc2 Bf6 25. Nb5 Nf7 26. Rxg8+ Rxg8 27. Rxg8+ Kxg8 28. Qg4+ Kh7 29. Nxa7 Bh4 30. Nc8 Qf6 31. Qd7 Bxf2 32.
Nf3 Kg7 33. Ne7 Bd4 34. Nf5+ Kg6 35. Qe8 Kh5 36. Qg8 Ng5 37. Ng7+ Kg6 38. Ne6+ Kh5 39. Nexg5 hxg5 40. Qh7+ Qh6 41. Qf5 Qg6 42. Qg4+ Kh6 43. a4 Qxe4+ 44. Kc1 Qe3+ 45. Kc2 Qc3+ 46. Kd1 Qxb3+ 47.
Ke1 Qe3+ 48. Kd1 Qd3+ 49. Ke1 Qb1+ 50. Ke2 Qc2+ 51. Ke1 Bc3+ 52. Kf1 Qd1+ 53. Kg2 Qe2+ 54. Kh1 Qf1+ 55. Kh2 Qf2+ 56. Kh1 Qf1+ 57. Kh2 Qf2+ 58.
Kh1 Qf1+ 1/2-1/2

[Event "Early-Titled-Tuesday-Blitz-October-24-2023"]
[Site "Chess.com"]
[Date "2023.10.24"]
[Round "7"]
[White "zverr1"]
[Black "Felix-Rose"]
[Result "1/2-1/2"]
[WhiteElo "2493"]
[BlackElo "2306"]
[TimeControl "180+1"]
[EndTime "9:15:54 PDT"]
[Termination "Game drawn by repetition"]

1. e4 e5 2. Nf3 Nc6 3. Bc4 Nf6 4. Ng5 d5 5. exd5 Na5 6. Bb5+ c6 7. dxc6 bxc6 8.
Be2 h6 9. Nh3 Bd6 10. d3 O-O 11. Nc3 c5 12. Bf3 Rb8 13. Ng1 Bb7 14. Bxb7 Rxb7 15. Nf3 Nc6 16. O-O Nd4 17. Ne4 Nd5 18.
c3 Ne6 19. Nxd6 Qxd6 20. Nd2 f5 21. Nc4 Qc7 22. Qe2 Ndf4 23. Qxe5 Qxe5 24. Nxe5 Ne2+ 25.
Kh1 Nxc1 26. Rfxc1 Rxb2 27. Kg1 Nf4 28. Nc4 Rbb8 29.
Rd1 Ne2+ 30. Kf1 Nxc3 31. Rdc1 Nd5 32. Ne3 Nf4 33. Rxc5 Nxd3 34. Rxf5 Rxf5 35. Nxf5 Rf8 36. g4 g6 37. Nxh6+ Kh7 38. g5 Rxf2+ 39. Kg1 Rb2 40. Rd1 Ne5 41. Rd5 Nf3+ 42. Kf1 Nxh2+ 43. Ke1 Nf3+ 44.
Kd1 Nxg5 45. Rxg5 Kxh6 46. Ra5 Rb7 47. Ke2 g5 48. Kf3 Kh5 49. Kg3 Rc7 50. Ra3 Kg6 51.
Kg4 Rc4+ 52. Kg3 Rc7 53. Kg4 Rc4+ 54. Kg3 Rc7 1/2-1/2

[Event "Early-Titled-Tuesday-Blitz-October-24-2023"]
[Site "Chess.com"]
[Date "2023.10.24"]
[Round "7"]
[White "Chessmissile07"]
[Black "GiorgianBarbosa"]
[Result "1-0"]
[WhiteElo "2884"]
[BlackElo "2411"]
[TimeControl "180+1"]
[EndTime "9:15:55 PDT"]
[Termination "Chessmissile07 won on time"]

1. d4 Nf6 2. c4 e6 3. g3 d5 4.
Bg2 Be7 5. Nf3 O-O 6. O-O a5 7. Qd3 c6 8. Nc3 b6 9. cxd5 cxd5 10. Bf4 Ba6 11. Qd2 Nc6 12. Rfc1 Rc8 13. a3 Ne4 14. Qe1 Bf6 15. Be3 h6 16. b4 Nxc3 17. Rxc3 axb4 18. axb4 Bc4 19. Rcc1 b5 20. Qd2 Qe7 21. Rab1 Ra8 22. Ne1 Ra2 23. Rc2 Rxc2 24. Nxc2 Ra8 25. Qc3 Ra2 26.
Na3 Rxe2 27. Nxc4 bxc4 28. b5 Nb8 29. Qa5 Bg5 30. Qa8 Qd8 31. Bxg5 hxg5 32. b6 Kh7 33. b7 c3 34. Bf1 Rd2 35. Rc1 c2 36. Rxc2 Rxc2 37.
Bd3+ g6 38. Bxc2 Qc7 39. Bd3 Kg7 40. Kg2 g4 41. Be2 f5 42. h3 gxh3+ 43. Kxh3 g5 44. Kg2 g4 45. Qa7 Kf6 46. Bb5 Ke7 47. Qa3+ Qd6 48.
Qc3 Kf6 49. Qc8 Kg7 50. Qe8 Kf6 51. Bd3 Qc7 52. Qf8+ Kg6 53. Bb5 Kh7 54. Be8 e5 55. Bf7 1-0